 Dungeon Crawl Stone Soup version 0.22.1-2-g9c5b331383 (webtiles) character file.

38 Rediskos the Caller (level 3, -1/20 HPs)
             Began as a Deep Elf Summoner on Dec 3, 2018.
             Slain by a quokka (5 damage)
             ... on level 2 of the Dungeon.
             The game lasted 00:05:44 (1396 turns).

Rediskos the Caller (Deep Elf Summoner)             Turns: 1396, Time: 00:05:44

Health: -1/20      AC:  2    Str:  5    XL:     3   Next: 25%
Magic:  0/10       EV: 13    Int: 20    God:
Gold:   114        SH:  0    Dex: 15    Spells: 6/9 levels left

rFire    . . .     SeeInvis .   f - +0 dagger (curse)
rCold    . . .     Gourm    .   (no shield)
rNeg     . . .     Faith    .   a - +0 robe
rPois    .         Spirit   .   (no helmet)
rElec    .         Reflect  .   (no cloak)
rCorr    .         Harm     .   (no gloves)
MR       .....                  (no boots)
Stlth    ++........             (no amulet)
HPRegen  0.06/turn              (no ring)
MPRegen  0.12/turn              (no ring)

@: about to teleport
A: no striking features
a: no special abilities


You were on level 2 of the Dungeon.
You were hungry.

You visited 1 branch of the dungeon, and saw 2 of its levels.

You collected 114 gold pieces.

Inventory:

Hand Weapons
 e - a +2 dagger of flaming
 f - a cursed +0 dagger (weapon)
Armour
 a - a +0 robe (worn)
Jewellery
 g - a +2 ring of dexterity {unknown}
Scrolls
 b - a scroll of remove curse {unknown}
 i - a scroll of fog {unknown}
Comestibles
 c - 2 rations
 d - 4 chunks of flesh


   Skills:
 + Level 0.8 Fighting
 + Level 2.9 Dodging
 - Level 2.4 Stealth
 + Level 3.5 Spellcasting
 * Level 4.9 Summonings


You had 6 spell levels left.
You knew the following spells:

 Your Spells              Type           Power        Failure   Level  Hunger
a - Call Imp              Summ           ###.....     2%          2    ##.....
b - Summon Small Mammal   Summ           ###.         1%          1    None

Your spell library contained the following spells:

 Spells                   Type           Power        Failure   Level  Hunger
 Call Canine Familiar     Summ           ###.....     5%          3    ###....
 Summon Guardian Golem    Hex/Summ       ##......     14%         3    ###....
 Summon Ice Beast         Ice/Summ       ##......     43%         4    ####...
 Summon Lightning Spire   Summ/Air       ##......     43%         4    ####...


Dungeon Overview and Level Annotations

Branches:
Dungeon (2/15)

Altars:


Message History

You see here a stone.
The bat hits you but does no damage.
The kobold throws a stone.
The stone misses your crimson imp. The stone closely misses you.
Your crimson imp blinks!
The bat misses you.
Your crimson imp barely misses the worm.
You see here a stone.
Casting: Call Imp (safe; 2% risk of failure)
Confirm with . or Enter, or press ? or * to list all spells.
A beastly little devil appears in a puff of frigid air.
The bat hits you.
* * * LOW HITPOINT WARNING * * *
The quokka completely misses you. The worm bites your crimson imp.
Your crimson imp blinks!
The bat closely misses you.
Your crimson imp barely misses the worm.
As you read the scroll of teleportation, it crumbles to dust.
You feel strangely unstable. The bat hits you but does no damage.
The bat misses you. The quokka bites you.
You die...

......#
#........#
.....5. #.....
.. .......##
#.... (.
.....†.w# ...
. #.# #.# .#
#.#####.##.#
#.†##5...5.#
##...†##b###
####.##@#
.....#.r#####
?......5(...#
........w...#
..$...K...5.#
#
#$..##5..>...#
.%# #...
#.##.###..#
#.. .. #. #.#
.## #.# # #.
... ##


You could see a worm, a quokka, a bat, a kobold, 3 friendly crimson imps and a
friendly white imp.

Vanquished Creatures
  A bat (D:1)
1 creature vanquished.

Vanquished Creatures (collateral kills)
  An adder (D:2)
  An ooze (D:1)
  2 dart slugs
  3 bats
  4 giant cockroaches
  2 goblins (D:1)
  5 hobgoblins
  12 jackals (D:1)
  2 kobolds
  3 frilled lizards
  8 rats
43 creatures vanquished.

Grand Total: 44 creatures vanquished

Notes
Turn   | Place    | Note
-------+----------+-------------------------------------------
     0 | D:1      | Rediskos the Deep Elf Summoner began the quest for the Orb.
     0 | D:1      | Reached XP level 1. HP: 10/10 MP: 6/6
   494 | D:1      | Reached XP level 2. HP: 15/15 MP: 4/8
   708 | D:1      | Learned a level 2 spell: Call Imp
  1255 | D:2      | Reached XP level 3. HP: 17/20 MP: 4/9
  1396 | D:2      | Slain by a quokka

Action                   || total
-------------------------++-------
Melee: Unarmed           ||     5
       Dagger            ||     2
 Cast: Summon Small Mamm ||    32
       Call Imp          ||    14
  Use: Scroll            ||     2
  Eat: Chunk             ||     1
Armor: Robe              ||    15
Dodge: Dodged            ||    42
